 Dungeon Crawl Stone Soup version 0.30-a0-591-g3c58d2bc28 (webtiles) character file.

Game seed: 13158986442098520530

525 Dirtsage the Changer (level 7, -2/51 HPs)
             Began as an Octopode Transmuter on Jan 4, 2023.
             Slain by Pikel
             ... wielding a +2 whip of flaming
              (5 damage)
             ... on level 4 of the Dungeon.
             The game lasted 00:09:36 (3376 turns).

Dirtsage the Changer (Octopode Transmuter)          Turns: 3376, Time: 00:09:36

Health: -2/51      AC:  7    Str:  9    XL:     7   Next: 23%
Magic:  9/10       EV: 10    Int: 18    God:
Gold:   124        SH:  0    Dex: 12    Spells: 3/10 levels left

rFire   x . .      SeeInvis .      - Unarmed
rCold   + + +      Faith    .    (shield currently unavailable)
rNeg    . . .      Spirit   .    (helmet currently unavailable)
rPois   +          Reflect  .    (no amulet)
rElec   .          Harm     .    (no ring)
rCorr   .          Rampage  .    (no ring)
Will    .....                    (no ring)
Stlth   +                        (no ring)
HPRegen 0.28/turn                (no ring)
MPRegen 0.12/turn                (no ring)
                                 (no ring)
                                 (no ring)

@: ice-form, flying
A: freezing attack, boosted hp, almost no armour, amphibious, 8 rings, large,
(camouflage 1), (gelatinous body 1), (nimble swimmer 1), (tentacles)
a: End Transformation


You were on level 4 of the Dungeon.
You were a creature of crystalline ice.
You visited 1 branch of the dungeon, and saw 4 of its levels.

You collected 168 gold pieces.
You spent 44 gold pieces at shops.

Inventory:

Wands
 n - a wand of charming (12)
 u - a wand of flame (17)
Scrolls
 b - 3 scrolls of teleportation {unknown}
 d - 4 scrolls of identify {unknown}
 f - 3 scrolls of enchant weapon {unknown}
 g - a scroll of immolation {unknown}
 h - a scroll of vulnerability {unknown}
 i - 3 scrolls of noise {unknown}
 j - a scroll of enchant armour {unknown}
 l - a scroll of amnesia {unknown}
 o - a scroll of fog {unknown}
 p - a scroll of brand weapon {unknown}
Potions
 a - a potion of heal wounds {unknown}
 c - a potion of might {unknown}
 e - 2 potions of flight
 k - 2 potions of haste {unknown}
 m - a potion of cancellation {unknown}
 q - 3 potions of curing
 r - a potion of lignification
 s - a potion of brilliance {unknown}
 t - a potion of mutation {unknown}


   Skills:
 - Level 1.0 Fighting
 - Level 2.0 Dodging
 - Level 3.0 Unarmed Combat
 - Level 2.0 Spellcasting
 * Level 5.5 Transmutations
 * Level 5.0 Ice Magic


You had 3 spell levels left.
You knew the following spells:

 Your Spells              Type           Power      Damage    Failure   Level
a - Beastly Appendage     Tmut           42%        N/A       1%          1
b - Wereblood             Tmut           21%        N/A       2%          2
c - Ice Form              Ice/Tmut       20%        N/A       21%         4

Your spell library contained the following spells:

 Spells                   Type           Power      Damage    Failure   Level
 Spider Form              Tmut/Pois      11%        N/A       17%         3
 Gell's Gravitas          Tloc           1%         N/A       47%         3
 Teleport Other           Tloc           1%         N/A       47%         3
 Conjure Ball Lightning   Conj/Air       0%         3x3d6     100%        6
 Dispersal                Tloc           0%         N/A       100%        6
 Discord                  Hex            0%         N/A       100%        8
 Disjunction              Tloc           0%         N/A       100%        8


Dungeon Overview and Level Annotations

Branches:
Dungeon (4/15)
 Temple: D:4-7

Altars:

Shops:
D:4 !

Annotations:
D:4 Pikel


Innate Abilities, Weirdness & Mutations

You are a creature of crystalline ice.
You have a powerful freezing melee attack.
Your maximum health is increased.
Your armour is entirely melded.
You are incapable of wielding weapons or throwing items.
You cannot wear most types of armour.
You are amphibious.
You can wear up to eight rings at the same time.
((Your skin changes colour to match your surroundings (Stealth+).))
((Your rubbery body absorbs attacks. (AC +1, EV +1)))
((You are camouflaged when in or above water. (Stealth+)))
((You have tentacles for arms and can constrict up to eight enemies at once.))


Message History

Pikel is lightly wounded.
Pikel says, "Asmodeus and me are pals.
He gave me this whip."
Pikel hits you with a +2 whip of flaming!
Pikel melts you.
You take 9 damage, and have 30/51 hp.
You hit Pikel but do no damage.
Pikel is lightly wounded.
Pikel hits you with a +2 whip of flaming!
Pikel melts you.
You take 14 damage, and have 16/51 hp.
MASSIVE DAMAGE!!
It was a potion of flight.
You feel very buoyant.
You fly up into the air.
Pikel barely misses you.
You punch Pikel! You freeze Pikel.
Pikel is heavily wounded.
Pikel hits you but does no damage.
You punch Pikel! You freeze Pikel.
Pikel is severely wounded.
Pikel barely misses you.
You closely miss Pikel.
Pikel is severely wounded.
Pikel closely misses you.
You punch Pikel! You freeze Pikel.
Pikel is almost dead.
Pikel hits you with a +2 whip of flaming!
* * * LOW HITPOINT WARNING * * *
Pikel melts you.
* * * LOW HITPOINT WARNING * * *
You take 9 damage, and have 8/51 hp.
You closely miss Pikel.
Pikel is almost dead.
Pikel hits you with a +2 whip of flaming.
* * * LOW HITPOINT WARNING * * *
Pikel melts you.
* * * LOW HITPOINT WARNING * * *
You take 5 damage, and have 3/51 hp.
You barely miss Pikel.
Pikel is almost dead.
Pikel hits you with a +2 whip of flaming.
You die...

.#..#.#.##.........#
.#..#..............#
.#..#.#............#############
....#..........................#
.##.#............#..#'#........#
.##.#..###########..#.≈......<<#
.##.#.............###.≈≈#......#
.##...#####...##..'..∩..+......#
.##########...##Y##≈≈.###......#
..... #....[.##K#..≈.#........#
##### #............#+#........#
. #......##.##............# #.
#......##............>.># ..
#......###...........#### #.
#......# #...........# #......#
#...........# #...####
######.######


You could see Pikel.

Vanquished Creatures
  Sigmund (D:2)
  A black bear (D:4)
  3 lemures (D:4)
  A hound (D:4)
  A jelly (D:4)
  Crazy Yiuf (D:3)
  Ijyb (D:4)
  Natasha (D:2)
  4 adders
  A worm (D:2)
  A dart slug (D:2)
  9 orcs
  7 endoplasms
  5 giant cockroaches
  7 goblins
  7 hobgoblins
  4 quokkas
  4 ball pythons
  9 bats
  2 frilled lizards (D:1)
  7 kobolds
  4 rats
81 creatures vanquished.

Vanquished Creatures (others)
  An ogre (D:4)
  A lemure (D:4)
2 creatures vanquished.

Grand Total: 83 creatures vanquished

Notes
Turn   | Place    | Note
-------+----------+-------------------------------------------
     0 | D:1      | Dirtsage the Octopode Transmuter began the quest for the
                  | Orb.
     0 | D:1      | Reached XP level 1. HP: 13/13 MP: 3/3
   167 | D:1      | Reached skill level 1 in Ice Magic
   167 | D:1      | Reached XP level 2. HP: 17/18 MP: 3/5
   796 | D:2      | Reached XP level 3. HP: 21/23 MP: 6/6
   826 | D:2      | Learned a level 2 spell: Wereblood
  1266 | D:2      | Noticed Sigmund
  1292 | D:2      | Killed Sigmund
  1293 | D:2      | Reached XP level 4. HP: 28/28 MP: 7/7
  1293 | D:2      | Reached XP level 5. HP: 33/33 MP: 8/8
  1472 | D:2      | Found a faded altar of an unknown god.
  1508 | D:2      | Noticed Natasha
  1516 | D:2      | Killed Natasha
  1530 | D:2      | Reached XP level 6. HP: 32/38 MP: 9/9
  1662 | D:3      | Found the +8 trident of the Octopus King {venom, rElec
                  | rPois}
  1691 | D:3      | Found a runed translucent door.
  1692 | D:3      | Noticed Crazy Yiuf
  2107 | D:3      | Learned a level 4 spell: Ice Form
  2327 | D:3      | Killed Crazy Yiuf
  2472 | D:4      | Noticed a black bear
  2482 | D:4      | Killed a black bear
  2483 | D:4      | Reached skill level 5 in Transmutations
  2515 | D:4      | Identified the +0 pair of boots "Doptyula" {rC+ Int+2
                  | Slay+3}
  2517 | D:4      | Found Faubb's Distillery.
  2571 | D:4      | Bought a potion of curing for 33 gold pieces
  2571 | D:4      | Bought a potion of degeneration for 11 gold pieces
  2579 | D:4      | Noticed Ijyb
  2591 | D:4      | Killed Ijyb
  2676 | D:4      | Reached XP level 7. HP: 23/43 MP: 10/10
  3167 | D:4      | Reached skill level 5 in Ice Magic
  3241 | D:4      | Noticed Pikel
  3376 | D:4      | Slain by Pikel

Illustrated notes

Levels and vault maps discovered:
D:1:      saegor_arrival_miasma, layout_basic, minmay_misc_feat_x,
          minmay_distorted
D:2:      layout_loops_ring, hellmonk_ecumenical_altar_arch_garden,
          serial_bayou, serial_bayou_lagoon_b, serial_bayou_shore_a,
          serial_bayou_pond_c, serial_bayou_shore_b, uniq_natasha, uniq_sigmund
D:3:      layout_loops_cross, uniq_crazy_yiuf_cottage
D:4:      layout_basic, serial_shops, nicolae_shop_hallway_plus, uniq_ijyb,
          uniq_eustachio, uniq_pikel

Skill      XL: |  1  2  3  4  5  6  7 |
---------------+----------------------+-----
Ice Magic      | 1 3 4 5 |  5.0
Transmutations | 4 5 |  5.5
Fighting       | |  1.0
Dodging        | |  2.0
Unarmed Combat | |  3.0
Spellcasting   | |  2.0

Action                   |  1- 3 |  4- 6 |  7- 9 || total
-------------------------+-------+-------+-------++-------
Melee: Unarmed           |    91 |    94 |    62 ||   247
       Tentacles         |    19 |    21 |     5 ||    45
       Constrict         |    16 |    18 |     6 ||    40
       Kick              |     5 |    17 |       ||    22
       Punch             |     1 |     2 |     2 ||     5
 Cast: Beastly Appendage |     5 |     6 |       ||    11
       Ice Form          |       |     2 |     5 ||     7
       Wereblood         |       |       |     1 ||     1
Evoke: Wand              |       |     1 |     4 ||     5
  Use: Potion            |     1 |       |     1 ||     2
 Stab: Sleeping          |     5 |     5 |     1 ||    11
Armor: Skin              |    20 |     5 |    12 ||    37
Dodge: Dodged            |    51 |    51 |    36 ||   138

Table legend: (Time is in decaauts)
 A = Elapsed time spent in this place.
 B = Non-inter-level travel time spent in this place.
 C = Inter-level travel time spent in this place.
 D = Time resting spent in this place.
 E = Time spent auto-exploring this place.
 F = Levels seen in this place.
 G = Mean time per level.
                   A        B        C        D        E       F      G
               +--------+--------+--------+--------+--------+-----+--------+
         Total |   3362 |   3288 |     74 |    123 |   2525 |   4 |  840.5 |
       Dungeon |   3362 |   3288 |     74 |    123 |   2525 |   4 |  840.5 |
               +--------+--------+--------+--------+--------+-----+--------+

Top non-repeatable levels by time:
     D:3: 941 daAuts
     D:2: 838 daAuts
     D:4: 835 daAuts
     D:1: 747 daAuts
